 Dungeon Crawl Stone Soup version 0.30-b1-2-g02819fbbbe (webtiles) character file.

Game seed: 3145295730513330975

1222 funkygono the Cleaver (level 8, 0/69 HPs)
             Began as a Minotaur Fighter on May 10, 2023.
             Slain by a yak (9 damage)
             ... on level 5 of the Dungeon.
             The game lasted 00:05:24 (3368 turns).

funkygono the Cleaver (Minotaur Fighter)            Turns: 3368, Time: 00:05:25

Health: 0/69       AC:  9    Str: 23    XL:     8   Next: 23%
Magic:  7/7        EV: 10    Int:  5    God:
Gold:   153        SH:  5    Dex: 10    Spells: 7/7 levels left

rFire   + . .        a - +1 war axe (elec)
rCold   . . .        c - +0 buckler
rNeg    . . .        b - +0 scale mail
rPois   .            (helmet restricted)
rElec   .            (no cloak)
rCorr   .            (no gloves)
SInv    .            n - +0 pair of boots
Will    .....        (no amulet) Stlth
                     p - ring of protection from fire
HPRegen 0.31/turn    (no ring)
MPRegen 0.10/turn

%: no passive effects
@: mighty
A: horns 2, retaliatory headbutt
a: no special abilities


You were on level 5 of the Dungeon.
You visited 1 branch of the dungeon, and saw 5 of its levels.
You also visited: Ossuary.

You collected 153 gold pieces.

Inventory:

Hand Weapons
 a - a +1 war axe of electrocution (weapon)
Armour
 b - a +0 scale mail (worn)
 c - a +0 buckler (worn)
 n - a +0 pair of boots (worn)
Jewellery
 p - a ring of protection from fire (left hand)
Scrolls
 i - a scroll of brand weapon
 j - a scroll of fog
 k - a scroll of amnesia
 l - 3 scrolls of teleportation
 o - a scroll of blinking {unknown}
 r - a scroll of enchant armour {unknown}
 w - a scroll of identify {unknown}
 x - a scroll of vulnerability {unknown}
Potions
 d - 5 potions of might
 e - 2 potions of resistance {unknown}
 f - a potion of heal wounds {unknown}
 g - a potion of brilliance {unknown}
 h - 3 potions of degeneration {unknown}
 m - 2 potions of curing {unknown}
 q - a potion of flight {unknown}
 s - a potion of magic {unknown}
 t - a potion of haste {unknown}
 u - a potion of mutation {unknown}
 v - a potion of invisibility {unknown}


   Skills:
 + Level 5.4 Fighting
 + Level 8.2 Axes
 + Level 6.6 Armour
 + Level 2.4 Dodging
 + Level 1.2 Stealth
 + Level 5.5 Shields


You had 7 spell levels left.
You didn't know any spells.
Your spell library contained the following spells:

 Spells                   Type           Power      Damage    Failure   Level
 Summon Small Mammal      Summ           0%         N/A       83%         1
 Call Canine Familiar     Summ           0%         N/A       99%         3
 Summon Guardian Golem    Hex/Summ       0%         N/A       99%         3


Dungeon Overview and Level Annotations

Branches:
Dungeon (5/15)            Ossuary (visited)
 Temple: D:4-7

Altars:
Vehumet

Shops:
D:2 [


Innate Abilities, Weirdness & Mutations

You have a pair of horns on your head.
You reflexively headbutt those who attack you in melee.


Message History

You feel agile.
You slash the yak! You headbutt the yak!
The yak is heavily wounded.
The yak gores you but does no damage. You block the yak's attack.
You barely miss the yak.
The yak is heavily wounded.
The yak gores you!
You completely miss the yak.
The yak is heavily wounded.
The yak gores you!
* * * LOW HITPOINT WARNING * * *
You slash the yak!
The yak is almost dead.
You block the yak's attack.
You slash the yak!
You kill the yak!
Your Axes skill increases to level 8!
You slash the yak!
The yak is moderately wounded.
The yak barely misses you.
You closely miss the yak.
The yak is moderately wounded.
The yak gores you.
* * * LOW HITPOINT WARNING * * *
You hit the yak but do no damage.
The yak is lightly wounded.
You block the yak's attack.
You barely miss the yak. You headbutt the yak.
The yak is moderately wounded.
The yak gores you!
* * * LOW HITPOINT WARNING * * *
You barely miss the yak.
The yak is moderately wounded.
The yak closely misses you. The yak gores you but does no damage.
You feel very mighty all of a sudden. The yak barely misses you.
You slash the yak!
The yak is heavily wounded.
The yak gores you!
You die...

#....# #.#..# #....# #.#..#
##....#####.#..#
......#.....#..#
......#.....#..#
......#....##..#########
#####.#....##...........
...............#........
...............#@#########
...............#Y##....#.#
..............##Y....Y...###
....................##Y....####
..............########........#
............... .....>#.Y.....#
.......................Y......#
........... #####.#.......#
.†........ ..#.......#


You could see 2 yaks.

Vanquished Creatures
  Grinder (D:3)
  Sigmund (D:3)
  3 yaks (D:5)
  A black bear (D:5)
  2 centaur zombies (Ossuary)
  2 hounds
  7 mummies
  7 adders
  3 worms
  2 dart slugs
  An orc (D:3)
  4 bats
  3 endoplasms
  2 giant cockroaches
  4 hobgoblins
  3 jackals (D:3)
  3 quokkas
  6 ball pythons
  2 frilled lizards
  6 goblins
  2 hobgoblin zombies (Ossuary)
  5 kobolds (D:1)
  6 rats
76 creatures vanquished.

Vanquished Creatures (others)
  9 demonic plants (D:1)
  7 fungi (D:1)
  8 plants (D:1)
  6 withered plants (D:1)
30 creatures vanquished.

Grand Total: 106 creatures vanquished

Notes
Turn   | Place    | Note
-------+----------+-------------------------------------------
     0 | D:1      | funkygono the Minotaur Fighter began the quest for the Orb.
     0 | D:1      | Reached XP level 1. HP: 19/19 MP: 0/0
   359 | D:1      | Reached XP level 2. HP: 24/27 MP: 1/1
   914 | D:1      | Found a faded altar of an unknown god.
  1417 | D:2      | Reached skill level 3 in Axes
  1417 | D:2      | Reached XP level 3. HP: 33/33 MP: 2/2
  1650 | D:2      | Reached XP level 4. HP: 28/40 MP: 3/3
  1727 | D:2      | Found a transporter.
  1727 | D:2      | Found Kagin's Armour Shoppe.
  1730 | D:2      | Found a transporter.
  2130 | D:3      | Noticed Sigmund
  2149 | D:3      | Killed Sigmund
  2150 | D:3      | Reached skill level 4 in Axes
  2150 | D:3      | Reached skill level 5 in Armour
  2150 | D:3      | Reached skill level 1 in Dodging
  2150 | D:3      | Reached XP level 5. HP: 27/46 MP: 4/4
  2242 | D:3      | Reached skill level 5 in Axes
  2555 | D:3      | Found a radiant altar of Vehumet.
  2621 | D:3      | Reached XP level 6. HP: 52/52 MP: 5/5
  2681 | D:3      | Noticed Grinder
  2684 | D:3      | Paralysed by Grinder for 3 turns
  2695 | D:3      | Paralysed by Grinder for 2 turns
  2701 | D:3      | Paralysed by Grinder for 5 turns
  2709 | D:3      | Killed Grinder
  2710 | D:3      | Reached skill level 6 in Axes
  3028 | D:4      | You fall into a shaft and drop 1 floor!
  3028 | D:5      | Entered Level 5 of the Dungeon
  3101 | D:5      | Reached XP level 7. HP: 59/60 MP: 6/6
  3111 | D:5      | Found a sand-covered staircase.
  3122 | Ossuary  | Entered an ossuary
  3127 | Ossuary  | Reached skill level 5 in Shields
  3205 | Ossuary  | Reached skill level 1 in Stealth
  3266 | D:5      | Reached skill level 7 in Axes
  3334 | D:5      | Noticed a yak
  3334 | D:5      | Noticed a yak
  3335 | D:5      | Noticed a yak
  3336 | D:5      | Noticed a yak
  3350 | D:5      | Noticed a yak
  3353 | D:5      | Killed a yak
  3354 | D:5      | Reached skill level 5 in Fighting
  3356 | D:5      | Killed a yak
  3357 | D:5      | Reached XP level 8. HP: 38/68 MP: 7/7
  3362 | D:5      | Reached skill level 8 in Axes
  3368 | D:5      | Slain by a yak

Illustrated notes

Levels and vault maps discovered:
D:1:      amcnicky_arrival_wind_blow, layout_basic,
          shapermc_ecumenical_altar_gd, minmay_liquid_box
D:2:      layout_rooms, serial_shops, nicolae_shop_drivethru
D:3:      layout_basic, nicolae_overflow_crystal_walls,
          chequers_serial_rivers_micro_b, uniq_sigmund, uniq_grinder
D:4:      kennysheep_slugbush, layout_rooms, general_overflow_altar,
          nicolae_uskayaw_murder_on_the_dancefloor, lemuel_temple_firewalk_b,
          dilly_guarded_unrand_throatcut
D:5:      layout_basic, gup_ossuary_entry_pyramid, minmay_misc_feat_five,
          uniq_pikel

Skill      XL: |  1  2  3  4  5  6  7  8 |
---------------+-------------------------+-----
Shields        | 4 5 |  5.5
Armour         | 4 5 6 |  6.6
Axes           | 3 4 5 6 7 8 |  8.2
Fighting       | 4 5 |  5.4
Dodging        | 1 2 |  2.4
Stealth        | 1 |  1.2

Action                     |  1- 3 |  4- 6 |  7- 9 || total
---------------------------+-------+-------+-------++-------
  Melee: War axe           |   108 |    78 |    52 ||   238
         Headbutt          |    19 |     2 |    16 ||    37
    Use: Scroll            |       |     9 |       ||     9
         Potion            |       |       |     1 ||     1
 Armour: Scale mail        |    39 |    34 |    12 ||    85
  Dodge: Dodged            |    45 |    33 |    25 ||   103
  Block: Buckler           |    24 |    21 |    14 ||    59
